 Dungeon Crawl Stone Soup version 0.20-a0-792-g09bcfd3 (webtiles) character file.

541 Alarkh the Slasher (level 7, 51/55 HPs)
             Began as a Demonspawn Monk on Feb 28, 2017.
             Was a Believer of Okawaru.
             Quit the game on level 5 of the Dungeon.
             The game lasted 00:06:12 (3027 turns).

Alarkh the Slasher (Demonspawn Monk)                Turns: 3027, Time: 00:06:12

Health: 51/55      AC: 16    Str: 17    XL:     7   Next: 5%
Magic:  16/16      EV:  8    Int: 12    God:    Okawaru [**....]
Gold:   113        SH:  0    Dex: 15    Spells: 6/6 levels left

rFire    . . .     SeeInvis .   a - +0 falchion
rCold    + . .     Gourm    .   u - +6 chain mail "Umali" {Regen+ MP+9 Str+6 Int-2}
rNeg     . . .     Faith    .   (no shield)
rPois    +         Spirit   .   (helmet restricted)
rElec    .         Reflect  .   z - scarf {rC+}
rCorr    .         Harm     .   n - +0 pair of gloves (curse)
MR       .....                  h - +0 pair of boots
Stlth    ..........             (no amulet)
Regen    0.6/turn               (no ring)
MPRegen  0.2/turn               d - ring of poison resistance

@: no status effects
A: horns 1, demonic guardian 1, spiny 2
a: Heroism, Renounce Religion


You were on level 5 of the Dungeon.
You worshipped Okawaru.
Okawaru was pleased with you.
You were very hungry.

You visited 2 branches of the dungeon, and saw 6 of its levels.

You collected 188 gold pieces.
You spent 75 gold pieces at shops.

Inventory:

Hand Weapons
 a - a +0 falchion (weapon)
Armour
 b - a +0 robe
 h - a +0 pair of boots (worn)
 n - a cursed +0 pair of gloves (worn)
 u - the +6 chain mail "Umali" (worn) {Regen+ MP+9 Str+6 Int-2}
   (You found it on level 4 of the Dungeon)

   It affects your strength (+6).
   It affects your intelligence (-2).
   It affects your magic capacity (+9).
   It increases your rate of regeneration.
 v - a +0 shield
 z - a scarf of cold resistance (worn)
Jewellery
 d - a ring of poison resistance (left hand)
Scrolls
 e - a scroll of identify
 g - a scroll of teleportation
 k - a scroll of remove curse {unknown}
 m - a scroll of immolation {unknown}
 o - a scroll of enchant weapon {unknown}
 r - a scroll of fear
 s - a scroll of amnesia {unknown}
 w - a scroll of fog {unknown}
 y - a scroll of enchant armour {unknown}
 B - a scroll of recharging {unknown}
 C - a scroll of blinking
Potions
 i - a potion of mutation
 j - a potion of lignification
 q - a potion of invisibility
 t - a potion of might
 x - a potion of heal wounds
 A - a potion of haste {unknown}
Comestibles
 c - 2 bread rations
 l - 5 royal jellies
 p - 2 fruits


   Skills:
 + Level 4.3 Fighting
 * Level 5.2 Long Blades
 + Level 1.7 Armour
 + Level 4.0 Dodging
 - Level 1.7 Stealth
 + Level 1.6 Shields


You had 6 spell levels left.
You didn't know any spells.

Dungeon Overview and Level Annotations

Branches:
Dungeon (5/15)             Temple (1/1) D:4

Altars:
Ashenzari
Cheibriados
Dithmenos
Elyvilon
Fedhas
Gozag
Hepliaklqana
Kikubaaqudgha
Makhleb
Nemelex Xobeh
Okawaru
Qazlal
Ru
Sif Muna
Trog
Uskayaw
Vehumet
Wu Jian
Xom
Yredelemnul
Zin
The Shining One

Shops:
D:4 ?


Innate Abilities, Weirdness & Mutations

You have a pair of small horns on your head.
A weak demonic guardian rushes to your aid.
You are mostly covered in sharp spines.


Message History

The jelly is heavily wounded.
The jelly hits you but does no damage.
You hit the jelly.
Your hands burn!
You headbutt the jelly.
You kill the jelly!
Okawaru accepts your kill.
Your Dodging skill increases to level 4!
You have reached level 7!
Your demonic ancestry asserts itself...
You feel the presence of a demonic guardian.
The ooze barely misses you.
You riposte.
You hit the ooze. You headbutt the ooze.
The ooze is moderately wounded.
You hit the ooze. You headbutt the ooze.
You kill the ooze!
Okawaru accepts your kill.
No target in view!
Found a stone staircase leading up.
You now have 113 gold pieces (gained 12).
Unknown command.
Are you sure you want to abandon this character and quit the game? (Confirm with "yes".)

.............................#
.............................#
.............................#
............)................#
.............................#
.............................#
...................$.........#
..................)..######..
................@....#
.....................#
.....................#
.....................#
.....................# ......
.......<..#.# ....#
###########.# .


There were no monsters in sight!

Vanquished Creatures
  A sky beast (D:5)
  An ogre (D:5)
  2 bullfrog skeletons
  A hound (D:4)
  A jelly (D:5)
  3 worker ants
  A hound skeleton (D:5)
  6 adders
  An ooze (D:5)
  4 worms
  2 dart slugs
  2 leopard geckos
  2 orcs (D:3)
  2 ball pythons
  4 goblins
  8 hobgoblins
  16 jackals
  3 quokkas
  11 bats
  2 frilled lizards
  A jackal skeleton (D:4)
  7 kobolds
  A leopard gecko skeleton (D:5)
  A quokka skeleton (D:4)
  6 rats
89 creatures vanquished.

Notes
Turn   | Place    | Note
-------+----------+-------------------------------------------
     0 | D:1      | Alarkh the Demonspawn Monk began the quest for the Orb.
     0 | D:1      | Reached XP level 1. HP: 18/18 MP: 1/1
   192 | D:1      | Reached skill level 3 in Long Blades
   399 | D:1      | Gained mutation: You are partially covered in sharp spines. [demonic ancestry]
   399 | D:1      | Reached XP level 2. HP: 20/24 MP: 2/2
   663 | D:2      | Reached XP level 3. HP: 17/29 MP: 3/3
   664 | D:2      | Found a burning altar of Makhleb.
   668 | D:2      | Found a basalt altar of Yredelemnul.
   670 | D:2      | Found a hide-covered altar of Uskayaw.
  1330 | D:3      | Reached XP level 4. HP: 18/35 MP: 4/4
  1618 | D:3      | Reached skill level 4 in Long Blades
  1850 | D:4      | Gained mutation: You are mostly covered in sharp spines. [demonic ancestry]
  1850 | D:4      | Reached XP level 5. HP: 35/42 MP: 5/5
  1859 | D:4      | Got a smoking chain mail
  1870 | D:4      | Identified the +6 chain mail "Umali" {Regen+ MP+9 Str+6 Int-2} (You found it on level 4 of the Dungeon)
  2136 | D:4      | Found a staircase to the Ecumenical Temple.
  2163 | Temple   | Entered the Ecumenical Temple
  2254 | Temple   | Became a worshipper of Warmaster Okawaru
  2254 | Temple   | Reached * piety under Okawaru
  2254 | Temple   | Reached ** piety under Okawaru
  2593 | D:4      | Reached skill level 1 in Shields
  2678 | D:4      | Found Diongin's Magic Scroll Shoppe.
  2682 | D:4      | Bought a scroll of blinking for 75 gold pieces
  2824 | D:4      | Found a shadowy altar of Dithmenos.
  2867 | D:5      | Entered Level 5 of the Dungeon
  2876 | D:5      | Noticed an ogre
  2883 | D:5      | Killed an ogre
  2883 | D:5      | Reached skill level 1 in Armour
  2883 | D:5      | Gained mutation: You have a pair of small horns on your head. [demonic ancestry]
  2883 | D:5      | Reached XP level 6. HP: 29/48 MP: 6/6
  2893 | D:5      | Noticed a sky beast
  2907 | D:5      | Killed a sky beast
  2907 | D:5      | Reached skill level 5 in Long Blades
  3021 | D:5      | Gained mutation: A weak demonic guardian rushes to your aid. [demonic ancestry]
  3021 | D:5      | Reached XP level 7. HP: 47/55 MP: 7/7
  3027 | D:5      | Quit the game

Vault maps used:
D:1:      dpeg_arrival_simpleton_c
D:2:      grunt_temple_overflow_open, guppyfry_early_lair_pool
D:4:      nicolae_dithmenos_through_a_glass_darkly,
          minmay_temple_entry_glassed_door, first_bread, serial_shops, shop
D:5:      nicolae_ossuary_entry_plus, kennysheep_nub
Temple:   compressed_dpeg_circular_temple

Skill      XL: |  1  2  3  4  5  6 |
---------------+-------------------+-----
Long Blades    | 3 4 5 |  5.2
Dodging        | 3 4 |  4.0
Fighting       | 4 |  4.3
Shields        | 1 |  1.6
Armour         | 1 |  1.7
Stealth        | |  1.7

Action                   |  1- 3 |  4- 6 |  7- 9 || total
-------------------------+-------+-------+-------++-------
Melee: Falchion          |   112 |   114 |     1 ||   227
       Headbutt          |       |     8 |     2 ||    10
  Use: Scroll            |     1 |     5 |       ||     6
       Potion            |       |     1 |       ||     1
 Stab: Sleeping          |    10 |     2 |       ||    12
  Eat: Chunk             |     1 |     5 |       ||     6
Armor: Robe              |    27 |     9 |       ||    36
       Skin              |       |    40 |       ||    40
       Chain mail        |       |    40 |       ||    40
Dodge: Dodged            |    71 |    64 |     1 ||   136
       Rpst.: Falchion   |    21 |    24 |     1 ||    46
